 Dungeon Crawl Stone Soup version 0.31.0-11-ge490571c62 (webtiles) character file.

Game seed: 12614370547342918770

4924 qw the Markself (level 10, -5/57 HPs)
             Began as a Deep Elf Hunter on Feb 4, 2024.
             Slain by a killer bee (7 damage)
             ... on level 9 of the Dungeon.
             The game lasted 00:00:40 (7180 turns).

qw the Markself (Deep Elf Hunter)                   Turns: 7180, Time: 00:00:40

Health: -5/57      AC:  7    Str: 12    XL:     10   Next: 27%
Magic:  0/12       EV: 15    Int: 15    God:
Gold:   324        SH:  0    Dex: 24    Spells: 9/9 levels left

rFire   . . .        m - +0 arbalest
rCold   . . .        (shield currently unavailable)
rNeg    . . .        l - +0 swamp dragon scales
rPois   +            (no helmet)
rElec   .            k - scarf {repulsion}
rCorr   .            (no gloves)
SInv    .            (no boots)
Will    +....        f - amulet of guardian spirit
Stlth   ++           c - +6 ring of dexterity
HPRegen 0.29/turn    (no ring)
MPRegen 0.13/turn

%: repel missiles, guardian spirit
@: lethally poisoned (-5 -> -11), about to teleport
A: no striking features
a: no special abilities


You were on level 9 of the Dungeon.
You visited 2 branches of the dungeon, and saw 10 of its levels.

You collected 618 gold pieces.
You spent 294 gold pieces at shops.


   Skills:
 - Level 4.2 Fighting
 + Level 17.2 Ranged Weapons
 - Level 2.0 Armour
 - Level 7.0 Dodging
 - Level 1.2 Stealth


You had 9 spell levels left.
You didn't know any spells.
Your spell library was empty.

Inventory:

Hand Weapons
 m - a +0 arbalest (weapon)
Armour
 d - a +0 helmet
 k - a scarf of repulsion (worn)
 l - +0 swamp dragon scales (worn)
 o - a +1 cloak
 q - a +2 pair of gloves
Jewellery
 c - a +6 ring of dexterity (left hand)
 f - an amulet of guardian spirit (around neck)
Wands
 g - a wand of paralysis (1)
 n - a wand of polymorph (8)
Scrolls
 a - 3 scrolls of identify
 r - a scroll of brand weapon {unknown}
Potions
 b - a potion of enlightenment
 e - 2 potions of cancellation
 h - 2 potions of mutation
 i - 4 potions of might
 j - a potion of curing

Dungeon Overview and Level Annotations

Branches:
Dungeon (9/15)             Temple (1/1) D:7
   Lair: D:8-11         Orc: D:9-12

Altars:
Ashenzari
Cheibriados
Dithmenos
Elyvilon
Fedhas
Gozag
Hepliaklqana
Kikubaaqudgha
Makhleb
Nemelex Xobeh
Okawaru
Qazlal
Ru
Sif Muna
Trog
Uskayaw
Vehumet
Wu Jian
Xom
Yredelemnul
Zin
The Shining One

Shops:
D:9 [

Annotations:
D:9 3 runed translucent doors


Message History

The bolt hits the killer bee but does no damage.
The killer bee is heavily wounded.
The killer bee stings you but does no damage. x2
The killer bee closely misses you. x2; The killer bee barely misses you.
You shoot a bolt.
The bolt barely misses the killer bee. x2
The killer bee barely misses you. The killer bee closely misses you.
The killer bee misses you.
The killer bee stings you but does no damage.
You shoot a bolt. The bolt barely misses the killer bee.
The bolt hits the killer bee!
You kill the killer bee!
The killer bee misses you. The killer bee closely misses you.
The killer bee stings you. The killer bee misses you. x2
You shoot a bolt. The bolt hits the killer bee!
You kill the killer bee!
The killer bee stings you but does no damage.
The killer bee misses you. The killer bee barely misses you.
The killer bee closely misses you.
You shoot a bolt. The bolt hits the killer bee!!
You kill the killer bee!
The killer bee misses you. x2; The killer bee closely misses you. x2
You shoot a bolt. The bolt hits the killer bee.
The killer bee is severely wounded.
The killer bee stings you. x2; The killer bee closely misses you.
The killer bee stings you!
7178 ||| READING scroll of teleportation.
As you read the scroll of teleportation, it crumbles to dust.
You feel strangely unstable. The killer bee stings you.
The killer bee completely misses you. The killer bee misses you.
The killer bee barely misses you.
You shoot a bolt. The bolt misses the killer bee.
The killer bee stings you. The killer bee misses you.
The killer bee barely misses you. The killer bee closely misses you.
The killer bee barely misses you.
You shoot a bolt. The bolt barely misses the killer bee.
The killer bee stings you.
You are lethally poisoned!
The killer bee poisons you! The killer bee misses you.
The killer bee barely misses you. The killer bee stings you!
You die...

........#..# #.#
#.#..###..#..###.#
..................
#!#..###..#!####.#
......##..#......#
#######.#.#....\..####..
........................
...........####..#.####..
..######@# #..#.# #..
#......yy#+## #..#.####..
............# #..........
####........# #..#.####..
##.......# #..#.# #..
#.......###..#.# #..
#..[....'....#.####..
###.....##...........
...y..'......#......(....


You could see 2 killer bees.

Vanquished Creatures
  Pikel (D:8)
  Maggie (D:8)
  A troll (D:9)
  Prince Ribbit (D:6)
  Grinder (D:6)
  A wyvern (D:8)
  An acid dragon (D:8)
  An ice beast (D:7)
  A sky beast (D:3)
  2 orc warriors
  A black bear (D:6)
  5 centaurs
  3 ogres
  2 phantoms (D:5)
  2 lemures (D:8)
  2 bullfrogs
  2 kobold brigands
  3 scorpions
  8 wights
  8 killer bees (D:9)
  2 vampire bats (D:8)
  2 bombardier beetles
  A howler monkey (D:9)
  2 hounds
  A jelly (D:6)
  An orc priest (D:9)
  A gnoll bouda (D:7)
  An iguana (D:6)
  2 sleepcaps
  5 orc wizards
  10 gnolls
  9 adders
  2 shadow imps
  A white imp (D:5)
  2 ufetubi (D:7)
  3 dart slugs
  4 ribbon worms
  19 orcs
  7 ball pythons
  4 bats
  4 bat skeletons (D:8)
  2 bat zombies (D:8)
  4 endoplasms
  2 giant cockroaches
  6 goblins
  6 hobgoblins
  A quokka (D:2)
  2 frilled lizards (D:1)
  11 kobolds
  8 rats
172 creatures vanquished.

Vanquished Creatures (others)
  A wight (D:6)
1 creature vanquished.

Grand Total: 173 creatures vanquished

Notes
Turn   | Place    | Note
-------+----------+-------------------------------------------
     0 | D:1      | qw the Deep Elf Hunter began the quest for the Orb.
     0 | D:1      | Reached XP level 1. HP: 12/12 MP: 3/3
     0 | D:1      | 0 ||| qw: Version: 0.3-a-160-g6735b56
     0 | D:1      | 0 ||| qw: Game counter: 4793
     0 | D:1      | 0 ||| qw: Melee chars always use a shield: true
     0 | D:1      | 0 ||| qw: God list: Okawaru
     0 | D:1      | 0 ||| qw: Allow faded altars: false
     0 | D:1      | 0 ||| qw: Do Orc after clearing Dungeon:15 true
     0 | D:1      | 0 ||| qw: Do second Lair branch before Depths: true
     0 | D:1      | 0 ||| qw: Lair rune preference: random
     0 | D:1      | 0 ||| qw: Goals: Normal
     0 | D:1      | 0 ||| PLANNING D:1-11
    91 | D:1      | Reached XP level 2. HP: 16/16 MP: 4/4
    93 | D:1      | Reached skill level 6 in Ranged Weapons
   705 | D:1      | 705 ||| UPGRADING to +0 ring mail.
   715 | D:1      | 715 ||| DROPPING +0 leather armour.
   716 | D:1      | 716 ||| DROPPING scroll of butterflies.
  1071 | D:2      | Reached XP level 3. HP: 20/20 MP: 5/5
  1210 | D:2      | Reached skill level 7 in Ranged Weapons
  1279 | D:2      | 1279 ||| UPGRADING to amulet of guardian spirit.
  1284 | D:2      | 1284 ||| UPGRADING to +6 ring of dexterity.
  1285 | D:2      | 1285 ||| READING scroll labelled KIZECW KIEBYJ.
  1320 | D:3      | Found a blossoming altar of Fedhas.
  1404 | D:3      | Found a stormy altar of Qazlal.
  1404 | D:3      | Noticed a sky beast
  1411 | D:3      | HP: 3/20 [sky beast (5)]
  1418 | D:3      | Killed a sky beast
  1419 | D:3      | Reached skill level 8 in Ranged Weapons
  1419 | D:3      | Reached XP level 4. HP: 6/25 MP: 1/6
  1419 | D:3      | Reached XP level 5. HP: 7/29 MP: 1/7
  1541 | D:3      | Found a sacrificial altar of Ru.
  1695 | D:3      | Found a faded altar of an unknown god.
  1888 | D:3      | Reached skill level 3 in Dodging
  2257 | D:3      | 2257 ||| READING 2 scrolls labelled KUNARRE RAWKU.
  2257 | D:3      | 2257 ||| IDENTIFYING emerald potion
  2258 | D:3      | 2258 ||| READING scroll of identify.
  2258 | D:3      | 2258 ||| IDENTIFYING 2 orange potions
  2259 | D:3      | 2259 ||| READING scroll labelled YDWEPPOEGAES.
  2260 | D:3      | 2260 ||| READING scroll labelled UWKEZUJ MEI.
  2261 | D:3      | 2261 ||| READING scroll labelled LAPLECWYMP.
  2362 | D:3      | 2362 ||| READING scroll labelled VERCHA SEYNINY.
  2362 | D:3      | 2362 ||| ENCHANTING +0 ring mail.
  2363 | D:3      | 2363 ||| READING scroll labelled NIDAGE KIQO.
  2406 | D:4      | 2406 ||| STAIRDANCE
  2415 | D:3      | Reached skill level 9 in Ranged Weapons
  2471 | D:4      | Reached XP level 6. HP: 33/36 MP: 6/8
  2633 | D:4      | Reached skill level 10 in Ranged Weapons
  2908 | D:4      | Found an opulent altar of Gozag.
  2909 | D:4      | Found a sparkling altar of Nemelex Xobeh.
  2914 | D:4      | 2914 ||| UPGRADING to scarf of repulsion.
  2919 | D:4      | 2919 ||| DROPPING ring of flight.
  2920 | D:4      | 2920 ||| READING 2 scrolls of identify.
  2920 | D:4      | 2920 ||| IDENTIFYING pink potion
  2921 | D:4      | 2921 ||| READING scroll of identify.
  2921 | D:4      | 2921 ||| IDENTIFYING 2 viscous silvery potions
  2922 | D:4      | 2922 ||| READING scroll labelled ZUDWETO QEROME.
  2933 | D:5      | Entered Level 5 of the Dungeon
  3034 | D:5      | Reached XP level 7. HP: 28/40 MP: 5/9
  3206 | D:5      | HP: 7/40 [gnoll/+0 flail (7)]
  3207 | D:5      | 3207 ||| DRINKING 2 potions of heal wounds.
  3250 | D:5      | 3250 ||| FLEEEEING.
  3251 | D:5      | 3251 ||| FLEEEEING.
  3253 | D:5      | 3253 ||| FLEEEEING.
  3263 | D:5      | 3263 ||| FLEEEEING.
  3264 | D:5      | 3264 ||| FLEEEEING.
  3265 | D:5      | 3265 ||| FLEEEEING.
  3266 | D:5      | 3266 ||| FLEEEEING.
  3267 | D:5      | 3267 ||| FLEEEEING.
  3268 | D:5      | 3268 ||| FLEEEEING.
  3269 | D:5      | 3269 ||| FLEEEEING.
  3270 | D:5      | 3270 ||| FLEEEEING.
  3271 | D:5      | 3271 ||| FLEEEEING.
  3272 | D:5      | 3272 ||| FLEEEEING.
  3273 | D:5      | 3273 ||| FLEEEEING.
  3274 | D:5      | 3274 ||| FLEEEEING.
  3403 | D:5      | 3403 ||| FLEEEEING.
  3404 | D:5      | 3404 ||| FLEEEEING.
  3469 | D:5      | Reached skill level 11 in Ranged Weapons
  3553 | D:5      | Found a snail-covered altar of Cheibriados.
  3614 | D:5      | HP: 9/40 [sleepcap (8)]
  3615 | D:5      | 3615 ||| DRINKING potion of heal wounds.
  3795 | D:5      | Found a shimmering blue altar of Sif Muna.
  4026 | D:5      | 4026 ||| READING scroll of identify.
  4026 | D:5      | 4026 ||| IDENTIFYING murky orange potion
  4027 | D:5      | 4027 ||| DRINKING 3 bubbling golden potions.
  4028 | D:5      | 4028 ||| DROPPING potion of attraction.
  4230 | D:6      | 4230 ||| FLEEEEING.
  4231 | D:6      | 4231 ||| FLEEEEING.
  4279 | D:6      | Noticed Grinder
  4281 | D:6      | 4281 ||| ZAPPING wand of paralysis (9) at 1,6 (Grinder;
                  | floor).
  4289 | D:6      | 4289 ||| ZAPPING wand of paralysis (8) at 1,3 (Grinder;
                  | floor).
  4290 | D:6      | 4290 ||| ZAPPING wand of paralysis (7) at 0,2 (Grinder;
                  | floor).
  4295 | D:6      | Killed Grinder
  4296 | D:6      | Reached skill level 12 in Ranged Weapons
  4296 | D:6      | Reached XP level 8. HP: 45/45 MP: 10/10
  4319 | D:6      | 4319 ||| RETREEEEATING.
  4320 | D:6      | 4320 ||| RETREEEEATING.
  4321 | D:6      | 4321 ||| STAIRDANCE
  4374 | D:6      | 4374 ||| STAIRDANCE
  4378 | D:6      | 4378 ||| STAIRDANCE
  4389 | D:5      | Reached skill level 1 in Armour
  4498 | D:6      | 4498 ||| STAIRDANCE
  4547 | D:6      | HP: 10/43 [centaur (2)]
  4550 | D:6      | Reached skill level 3 in Fighting
  4558 | D:6      | 4558 ||| FLEEEEING.
  4559 | D:6      | 4559 ||| FLEEEEING.
  4563 | D:6      | 4563 ||| FLEEEEING.
  4564 | D:6      | 4564 ||| STAIRDANCE
  4698 | D:6      | 4698 ||| SWAPPING to +0 orcbow.
  4699 | D:6      | 4699 ||| DROPPING +0 shortbow.
  4702 | D:6      | 4702 ||| RETREEEEATING.
  4753 | D:6      | Reached skill level 13 in Ranged Weapons
  4773 | D:6      | Noticed Prince Ribbit
  4774 | D:6      | 4774 ||| ZAPPING wand of paralysis (6) at 2,-7 (Prince
                  | Ribbit; floor).
  4777 | D:6      | Killed Prince Ribbit
  4778 | D:6      | Reached skill level 14 in Ranged Weapons
  4808 | D:6      | Reached XP level 9. HP: 51/51 MP: 11/11
  5009 | D:6      | Reached skill level 6 in Dodging
  5037 | D:6      | Found a shimmering altar of Xom.
  5206 | D:6      | 5206 ||| READING 2 scrolls of identify.
  5206 | D:6      | 5206 ||| IDENTIFYING bubbling black potion
  5207 | D:6      | 5207 ||| READING scroll of identify.
  5207 | D:6      | 5207 ||| IDENTIFYING fuming grey potion
  5208 | D:6      | 5208 ||| DRINKING 2 black potions.
  5209 | D:6      | 5209 ||| DROPPING potion of degeneration.
  5261 | D:7      | Found a shadowy altar of Dithmenos.
  5295 | D:7      | 5295 ||| SWAPPING to +0 arbalest.
  5298 | D:7      | 5298 ||| DROPPING +0 orcbow.
  5495 | D:7      | Found a staircase to the Ecumenical Temple.
  5496 | D:7      | 5496 ||| PLANNING TEMPLE
  5496 | D:7      | 5496 ||| READING scroll labelled BOHAGG FIYSYP.
  5497 | D:7      | 5497 ||| READING scroll labelled COKOACHYLU.
  5499 | D:7      | 5499 ||| Stepping ~*~*~tactically~*~*~ (cloud).
  5609 | Temple   | Entered the Ecumenical Temple
  5610 | Temple   | 5610 ||| PLANNING D:1-11
  5773 | D:7      | Found a white marble altar of Elyvilon.
  5916 | D:8      | Found an ornate altar of the Wu Jian Council.
  5917 | D:8      | Noticed Pikel
  5917 | D:8      | 5917 ||| RETREEEEATING.
  5919 | D:8      | 5919 ||| RETREEEEATING.
  5923 | D:8      | 5923 ||| RETREEEEATING.
  5924 | D:8      | 5924 ||| RETREEEEATING.
  5925 | D:8      | 5925 ||| RETREEEEATING.
  5926 | D:8      | 5926 ||| DRINKING potion of haste.
  5935 | D:8      | Killed Pikel
  5936 | D:8      | Reached skill level 15 in Ranged Weapons
  5998 | D:8      | Noticed Maggie
  5999 | D:8      | 5999 ||| ZAPPING wand of paralysis (5) at -1,7 (Maggie;
                  | floor).
  6001 | D:8      | 6001 ||| ZAPPING wand of iceblast (3) at -1,4 (floor).
  6002 | D:8      | 6002 ||| ZAPPING wand of iceblast (2) at -1,3 (floor).
  6004 | D:8      | 6004 ||| ZAPPING wand of iceblast (1) at -1,2 (Maggie;
                  | floor).
  6005 | D:8      | 6005 ||| ZAPPING wand of paralysis (4) at -1,2 (Maggie;
                  | floor).
  6006 | D:8      | 6006 ||| ZAPPING wand of paralysis (3) at -1,2 (Maggie;
                  | floor).
  6007 | D:8      | 6007 ||| ZAPPING wand of paralysis (2) at -1,2 (Maggie;
                  | floor).
  6009 | D:8      | Killed Maggie
  6010 | D:8      | Reached skill level 16 in Ranged Weapons
  6142 | D:8      | 6142 ||| FLEEEEING.
  6143 | D:8      | 6143 ||| FLEEEEING.
  6144 | D:8      | 6144 ||| FLEEEEING.
  6150 | D:8      | Reached XP level 10. HP: 41/57 MP: 8/12
  6622 | D:8      | Found a basalt altar of Yredelemnul.
  6772 | D:8      | Found an ancient bone altar of Kikubaaqudgha.
  6872 | D:8      | 6872 ||| UPGRADING to +0 swamp dragon scales.
  6882 | D:8      | 6882 ||| DROPPING +1 ring mail.
  6930 | D:9      | Found an iron altar of Okawaru.
  6931 | D:9      | 6931 ||| PLANNING OKAWARU WORSHIP
  6977 | D:9      | Found Degov's Armour Boutique.
  6984 | D:9      | 6984 ||| BUYING +0 helmet (63 gold).
  6984 | D:9      | Bought a +0 helmet for 63 gold pieces
  6984 | D:9      | 6984 ||| BUYING +2 pair of gloves (231 gold).
  6984 | D:9      | Bought a +2 pair of gloves for 231 gold pieces
  6993 | D:9      | Found a runed translucent gate.
  6993 | D:9      | Found a runed translucent gate.
  6993 | D:9      | Found a runed translucent gate.
  6995 | D:9      | Noticed a purple ugly thing
  6996 | D:9      | Noticed a purple ugly thing
  6998 | D:9      | Noticed a red ugly thing
  6998 | D:9      | Noticed a brown ugly thing
  6999 | D:9      | Noticed a purple ugly thing
  7101 | D:9      | 7101 ||| FLEEEEING.
  7102 | D:9      | 7102 ||| FLEEEEING.
  7103 | D:9      | 7103 ||| FLEEEEING.
  7104 | D:9      | 7104 ||| FLEEEEING.
  7105 | D:9      | 7105 ||| FLEEEEING.
  7106 | D:9      | 7106 ||| FLEEEEING.
  7107 | D:9      | 7107 ||| FLEEEEING.
  7108 | D:9      | 7108 ||| FLEEEEING.
  7109 | D:9      | 7109 ||| FLEEEEING.
  7110 | D:9      | 7110 ||| FLEEEEING.
  7111 | D:9      | 7111 ||| FLEEEEING.
  7112 | D:9      | 7112 ||| FLEEEEING.
  7113 | D:9      | 7113 ||| FLEEEEING.
  7115 | D:9      | 7115 ||| FLEEEEING.
  7119 | D:9      | 7119 ||| FLEEEEING.
  7120 | D:9      | 7120 ||| FLEEEEING.
  7121 | D:9      | 7121 ||| FLEEEEING.
  7123 | D:9      | Reached skill level 17 in Ranged Weapons
  7156 | D:9      | 7156 ||| RETREEEEATING.
  7157 | D:9      | 7157 ||| RETREEEEATING.
  7158 | D:9      | 7158 ||| RETREEEEATING.
  7159 | D:9      | 7159 ||| RETREEEEATING.
  7160 | D:9      | 7160 ||| RETREEEEATING.
  7161 | D:9      | 7161 ||| RETREEEEATING.
  7162 | D:9      | 7162 ||| RETREEEEATING.
  7177 | D:9      | HP: 8/57 [killer bee (7)]
  7178 | D:9      | 7178 ||| READING scroll of teleportation.
  7180 | D:9      | HP: 2/57 [killer bee (4)]
  7180 | D:9      | Slain by a killer bee

Levels and vault maps discovered:
D:1:      elethiomel_arrival_shortcut, layout_basic
D:2:      layout_basic, serial_glass, glass_columns_a, glass_columns_a
D:3:      layout_basic, fedhas_altar_4, lemuel_round_altar,
          nicolae_qazlal_beasts_of_the_sky, ebering_ecumenical_altar_rust,
          st_stairs_7
D:4:      layout_rooms, grunt_temple_overflow_opulence
D:5:      layout_gridville, mainiacjoe_overflow_concentric_impassable,
          led_sif_pool, kennysheep_generic_room_8
D:6:      layout_loops_cross, mainiacjoe_overflow_paths,
          corexii_item_surrounded_by_moat, st_stairs_5, hangedman_glass_teeth,
          uniq_grinder, uniq_prince_ribbit1
D:7:      layout_cave_pools, nicolae_dithmenos_through_a_glass_darkly,
          kennysheep_mini_moat, minmay_temple_entry_large_hall
D:8:      layout_basic, mainiacjoe_overflow_cross_hatched,
          kennysheep_vampire_church, lemuel_doored_altar,
          minmay_misc_feat_hallway, uniq_pikel, uniq_maggie
D:9:      layout_basic, general_overflow_altar, serial_shops,
          nicolae_shop_scrapyard, shop, shop, shop,
          ploomutoo_gammafunk_ghost_potion_laboratory
Temple:   nicolae_temple_godpark

Skill      XL: |  1  2  3  4  5  6  7  8  9 10 |
---------------+-------------------------------+-----
Ranged Weapons | 6 8 9 10 12 14 16 17 | 17.2
Dodging        | 3 4 5 7 |  7.0
Fighting       | 2 3 4 |  4.2
Armour         | 1 2 |  2.0
Stealth        | |  1.2

Action                     |  1- 3 |  4- 6 |  7- 9 | 10-12 || total
---------------------------+-------+-------+-------+-------++-------
   Fire: Shortbow          |   101 |   152 |   154 |       ||   407
         Orcbow            |       |       |    66 |       ||    66
         Arbalest          |       |       |    72 |    79 ||   151
  Evoke: Wand              |       |       |    11 |       ||    11
    Use: Scroll            |     1 |    10 |     5 |     1 ||    17
         Potion            |       |       |     5 |       ||     5
 Armour: Leather armour    |     9 |       |       |       ||     9
         Ring mail         |    16 |    40 |    78 |    13 ||   147
         Swamp dragon scal |       |       |       |    42 ||    42
  Dodge: Dodged            |    21 |    42 |   102 |   111 ||   276
         Repelled          |       |       |     1 |       ||     1

Table legend:
 A = Non-vault XP
 B = Vault XP
 C = Vault XP percentage of total XP
 D = Non-vault monster count
 E = Vault monster count
 F = Vault count percentage of total count
                 A         B        C        D         E       F
            +---------+---------+-------+---------+---------+-------
      Total |    4930 |    2105 |  29.9 |     152 |      18 |  10.6
            +---------+---------+-------+---------+---------+-------
        D:1 |      30 |       0 |   0.0 |      18 |       0 |   0.0
        D:2 |      40 |       0 |   0.0 |      15 |       0 |   0.0
        D:3 |      99 |     148 |  59.9 |      14 |       3 |  17.6
        D:4 |     367 |       0 |   0.0 |      18 |       0 |   0.0
        D:5 |     552 |      35 |   6.0 |      21 |       1 |   4.5
        D:6 |    1070 |     754 |  41.3 |      20 |       4 |  16.7
        D:7 |     354 |       0 |   0.0 |      12 |       0 |   0.0
        D:8 |    1341 |    1168 |  46.6 |      21 |      10 |  32.3
        D:9 |    1077 |       0 |   0.0 |      13 |       0 |   0.0
            +---------+---------+-------+---------+---------+-------
